 Dungeon Crawl Stone Soup version 0.31-a0-358-gac0dbeb3ab (webtiles) character file.

Game seed: 17149457369949222889

981 vbjdbsb the Shield-Bearer (level 7, 0/63 HPs)
             Began as a Minotaur Fighter on July 26, 2023.
             Slain by a sky beast (6 damage)
             ... on level 6 of the Dungeon.
             The game lasted 00:04:54 (4609 turns).

vbjdbsb the Shield-Bearer (Minotaur Fighter)        Turns: 4609, Time: 00:04:55

Health: 0/63       AC: 10    Str: 20    XL:     7   Next: 96%
Magic:  6/6        EV: 11    Int:  5    God:
Gold:   234        SH:  5    Dex: 12    Spells: 6/6 levels left

rFire   . . .        a - +1 war axe (freeze)
rCold   . . .        c - +0 buckler
rNeg    . . .        b - +0 scale mail
rPois   .            (helmet restricted)
rElec   .            o - +0 cloak
rCorr   .            (no gloves)
SInv    .            m - +0 pair of boots
Will    .....        (no amulet) Stlth
                     (no ring)
HPRegen 0.30/turn    (no ring)
MPRegen 0.10/turn

%: no passive effects
@: no status effects
A: horns 2, retaliatory headbutt
a: no special abilities


You were on level 6 of the Dungeon.
You visited 1 branch of the dungeon, and saw 6 of its levels.

You collected 234 gold pieces.

Inventory:

Hand Weapons
 a - a +1 war axe of freezing (weapon)
Armour
 b - a +0 scale mail (worn)
 c - a +0 buckler (worn)
 h - a +0 chain mail
 m - a +0 pair of boots (worn)
 o - a +0 cloak (worn)
Jewellery
 k - a ring of ice
Scrolls
 n - a scroll of teleportation
 p - 3 scrolls of immolation
 s - a scroll of fear
Potions
 d - 2 potions of might
 e - a potion of heal wounds
 f - a potion of enlightenment {unknown}
 g - a potion of attraction {unknown}
 i - 3 potions of haste
 j - a potion of curing {unknown}
 l - 2 potions of brilliance {unknown}
 q - 3 potions of cancellation {unknown}
 r - a potion of invisibility {unknown}
 t - a potion of mutation {unknown}


   Skills:
 + Level 6.0 Fighting
 + Level 5.4 Axes
 + Level 6.0 Armour
 + Level 4.2 Dodging
 + Level 6.1 Shields


You had 6 spell levels left.
You didn't know any spells.
Your spell library contained the following spells:

 Spells                   Type           Power      Damage    Failure   Level
 Lesser Beckoning         Tloc           0%         N/A       95%         2
 Wereblood                Tmut           0%         N/A       95%         2
 Gell's Gravitas          Tloc           0%         N/A       99%         3
 Teleport Other           Tloc           0%         N/A       99%         3
 Irradiate                Conj/Tmut      0%         3d11      100%        5


Dungeon Overview and Level Annotations

Branches:
Dungeon (6/15)
 Temple: D:4-7

Altars:
Dithmenos
Gozag
Kikubaaqudgha

Annotations:
D:4 2 transporters


Innate Abilities, Weirdness & Mutations

You have a pair of horns on your head.
You reflexively headbutt those who attack you in melee.


Message History

The sky beast hits you but does no damage.
The gnoll hits you with a +0 halberd.
The sky beast flickers out of sight!
Deactivating autopickup; reactivate with Ctrl-A.
Something hits you. Something shocks you. The gnoll hits you with a +0 halberd!
Unknown command.
You are too injured to fight recklessly!
Unknown command.
You are too injured to fight recklessly!
Unknown command.
Unknown command.
You are too injured to fight recklessly!
Unknown command.
You are too injured to fight recklessly!
The gnoll shouts!
You slash the gnoll! You freeze the gnoll.
You kill the gnoll!
You completely miss something. Something hits you but does no damage.
Unknown command.
Something barely misses you. You block the gnoll's attack.
You see here a +0 halberd.
Unknown command.
You closely miss the gnoll. Your headbutt misses the gnoll. You miss something.
Something hits you. Something shocks you. The gnoll hits you with a +0 halberd.
Unknown command.
You hit the gnoll. You freeze the gnoll.
The gnoll is heavily wounded.
You hit something but do no damage. Something hits you. Something shocks you.
* * * LOW HITPOINT WARNING * * *
The gnoll hits you with a +0 halberd.
* * * LOW HITPOINT WARNING * * *
Unknown command.
You slash the gnoll! You freeze the gnoll.
You kill the gnoll!
You miss something.
A sky beast appears from thin air!
Reactivating autopickup.
The sky beast hits you but does no damage.
The sky beast hits you.
* * * LOW HITPOINT WARNING * * *
The sky beast shocks you.
You die... #.# #..##.## #..# #(# #.# #....... #..# #.# #.####...# #.# ..... #.. #........# #.# .PP.P

###
######...###....P~.~..
#)......##..~P~P
#..##.##...P~P~P
#..##.##Y#.P~.~.
#.>...!†@)..PP.P
##.#######...... #.#
.#### #.. # ###


You could see a sky beast.

Vanquished Creatures
  A black bear (D:4)
  An ice beast (D:5)
  A sky beast (D:6)
  An ogre (D:5)
  A phantom (D:5)
  3 hounds
  An orc priest (D:5)
  Crazy Yiuf (D:3)
  4 iguanas
  3 sleepcaps
  Terence (D:3)
  Robin (D:2)
  5 gnolls (D:6)
  5 adders
  A shadow imp (D:5)
  4 worms
  A dart slug (D:2)
  7 orcs
  4 bats
  3 endoplasms
  13 goblins
  15 hobgoblins
  A jackal (D:4)
  7 kobolds
  2 quokkas
  7 ball pythons
  3 frilled lizards (D:2)
  8 rats
105 creatures vanquished.

Notes
Turn   | Place    | Note
-------+----------+-------------------------------------------
     0 | D:1      | vbjdbsb the Minotaur Fighter began the quest for the Orb.
     0 | D:1      | Reached XP level 1. HP: 19/19 MP: 0/0
   270 | D:1      | Reached XP level 2. HP: 27/27 MP: 1/1
   661 | D:2      | Reached skill level 1 in Dodging
   717 | D:2      | Reached XP level 3. HP: 33/33 MP: 2/2
   726 | D:2      | Noticed Robin
   735 | D:2      | Killed Robin
  1552 | D:3      | Reached XP level 4. HP: 39/40 MP: 3/3
  1608 | D:3      | Found an opulent altar of Gozag.
  1965 | D:3      | Found an ancient bone altar of Kikubaaqudgha.
  2140 | D:3      | Noticed Terence
  2146 | D:3      | Killed Terence
  2361 | D:3      | Found a runed translucent door.
  2362 | D:3      | Noticed Crazy Yiuf
  2375 | D:3      | Killed Crazy Yiuf
  2603 | D:4      | Noticed a black bear
  2609 | D:4      | Killed a black bear
  2610 | D:4      | Reached XP level 5. HP: 23/47 MP: 4/4
  2775 | D:4      | Reached XP level 6. HP: 55/55 MP: 5/5
  2783 | D:4      | Reached skill level 5 in Fighting
  2834 | D:4      | Reached skill level 5 in Shields
  2854 | D:4      | Reached skill level 5 in Armour
  3044 | D:4      | Found a transporter.
  3046 | D:4      | Found a transporter.
  3112 | D:4      | Identified the +10 spear of vbjdbsb's Death {venom, rC+}
  3295 | D:5      | Entered Level 5 of the Dungeon
  3508 | D:5      | Noticed an ice beast
  3516 | D:5      | Killed an ice beast
  3517 | D:5      | Reached XP level 7. HP: 39/61 MP: 6/6
  3947 | D:5      | Reached skill level 5 in Axes
  4418 | D:6      | Found a shadowy altar of Dithmenos.
  4609 | D:6      | Slain by a sky beast

Illustrated notes

Levels and vault maps discovered:
D:1:      psy_arrival_fountain, layout_loops_ring
D:2:      layout_basic, serial_rivers, chequers_serial_rivers_room_b,
          chequers_serial_rivers_micro_c, chequers_serial_rivers_micro_c,
          chequers_serial_rivers_small_3, chequers_serial_rivers_small_b,
          chequers_serial_rivers_micro_a, minmay_misc_feat_iff, uniq_robin
D:3:      layout_loops_corners, mainiacjoe_overflow_large_starburst,
          uniq_terence, uniq_crazy_yiuf_cottage
D:4:      layout_rooms, gammafunk_ghost_gnarly_gnolls, minmay_vboxes
D:5:      layout_loops_ring
D:6:      layout_loops_ring, lemuel_round_altar, minmay_temple_entry_fiery,
          dreamdust_gnoll_farm

Skill      XL: |  1  2  3  4  5  6  7 |
---------------+----------------------+-----
Dodging        | 1 2 3 4 |  4.2
Fighting       | 4 5 6 |  6.0
Armour         | 4 5 6 |  6.0
Shields        | 4 5 6 |  6.1
Axes           | 3 4 5 |  5.4

Action                     |  1- 3 |  4- 6 |  7- 9 || total
---------------------------+-------+-------+-------++-------
  Melee: War axe           |    80 |    76 |    64 ||   220
         Headbutt          |     8 |    10 |    11 ||    29
    Use: Scroll            |     6 |     4 |       ||    10
         Potion            |       |     2 |       ||     2
 Armour: Scale mail        |    46 |    38 |    29 ||   113
  Dodge: Dodged            |    31 |    36 |    30 ||    97
  Block: Buckler           |    29 |    15 |    11 ||    55

Table legend: (Time is in decaauts)
 A = Elapsed time spent in this place.
 B = Non-inter-level travel time spent in this place.
 C = Inter-level travel time spent in this place.
 D = Time resting spent in this place.
 E = Time spent auto-exploring this place.
 F = Levels seen in this place.
 G = Mean time per level.
                   A        B        C        D        E       F      G
               +--------+--------+--------+--------+--------+-----+--------+
         Total |   4692 |   4622 |     70 |      0 |   3970 |   6 |  782.0 |
       Dungeon |   4692 |   4622 |     70 |      0 |   3970 |   6 |  782.0 |
               +--------+--------+--------+--------+--------+-----+--------+

Top non-repeatable levels by time:
     D:3: 1079 daAuts
     D:5: 1057 daAuts
     D:2: 928 daAuts
     D:4: 707 daAuts
     D:1: 642 daAuts
     D:6: 277 daAuts
